Map: Lód i Chrom ER

Players

Adimax - Winner!

  • Race: Zerg Zerg
  • League: Master
  • Spawn Location: 7:00

Mastermindnn

  • Race: Terran Terran
  • League: Master
  • Spawn Location: 1:00

VOD

Have the link to the VOD?

Description

Time

  • Played on: June 18, 2020, 5:59 p.m.
  • Length: 5:16
Show
View Real Time Build Order
Export as new Build Order

Adimax Zerg - Winner!

Build Orders: Hatch First 

Get SALT Encoding   

  12  0:01  Drone  
  13  0:12  Overlord  
  13  0:16  Drone  
  14  0:31  Drone x2  
  16  0:49  Hatchery  
  15  0:51  Drone  
  15  0:54  Drone  
  17  0:59  Drone  
  18  1:06  Extractor  
  17  1:13  Spawning Pool  
  17  1:17  Drone  
  17  1:21  Drone  
  18  1:28  Drone  
  19  1:39  Drone  
  20  1:49  Overlord  
  20  2:00  Queen  
  20  2:01  Queen  
  22  2:02  Zergling x4  
  26  2:12  Drone x2  
  26  2:14  Metabolic Boost  
  28  2:21  Roach Warren  
  27  2:24  Drone  
  27  2:25  Drone  
  29  2:32  Drone  
  30  2:40  Drone  
  31  2:46  Overlord, Drone  
  32  3:00  Overlord  
  31  3:06  Overlord  
  31  3:09  Roach x3  
  31  3:12  Roach x3  
  43  3:19  Roach  
  45  3:26  Zergling x4  
  47  3:33  Roach  
  49  3:35  Zergling x2  
  49  3:40  Zergling x6  
  53  3:43  Zergling x2  
  54  3:51  Hatchery  
  54  3:54  Zergling x4  
  54  3:55  Zergling x2  
  56  3:57  Drone  
  56  4:01  Overlord  
  57  4:08  Lair  
  57  4:14  Drone x2  
  57  4:17  Extractor  
  50  4:32  Drone x6  
  50  4:33  Drone x2  
  58  4:43  Drone x2  
  60  4:49  Spore Crawler  
  61  4:55  Overlord  
Show
View Real Time Build Order
Export as new Build Order

Mastermindnn Terran 

Build Orders: Gas First Reaper Expand 

Get SALT Encoding   

  12  0:01  SCV  
  13  0:13  SCV  
  14  0:19  Supply Depot  
  14  0:25  SCV  
  14  0:27  Refinery  
  15  0:41  SCV  
  16  0:45  Barracks  
  16  0:53  SCV  
  17  1:05  SCV  
  18  1:17  SCV  
  19  1:31  Orbital Command  
  19  1:32  Reaper  
  20  1:42  Command Center  
  20  1:51  Supply Depot  
  20  1:59  SCV  
  21  2:07  Factory  
  21  2:11  SCV, Barracks Reactor  
  22  2:22  Refinery  
  22  2:23  SCV  
  23  2:35  SCV  
  24  2:47  SCV  
  25  2:54  Orbital Command  
  25  2:56  Starport  
  25  2:59  SCV  
  25  3:04  Hellion x2  
  30  3:06  Marine  
  30  3:11  SCV  
  32  3:22  SCV  
  32  3:26  Widow Mine x2  
  37  3:31  SCV  
  37  3:32  Medivac  
  37  3:34  SCV  
  41  3:37  Supply Depot  
  41  3:41  Armory  
  41  3:46  SCV  
  41  3:47  Widow Mine  
  45  3:54  Widow Mine  
  46  3:58  SCV x2  
  48  4:05  Command Center  
  48  4:08  Barracks Tech Lab  
  48  4:11  SCV x2  
  48  4:12  Widow Mine  
  48  4:15  Widow Mine  
  51  4:29  Medivac  
  51  4:30  Marauder  
  42  4:38  Widow Mine  
  42  4:39  Widow Mine  
  42  4:45  SCV x2  
  40  4:49  Bunker  
Tags
 
Add a new tag
Caveats
  • Supply blocks, unpowered buildings, or Contaminate may cause inaccurate times.
  • Supply counts are checked every 10 seconds.